 Dungeon Crawl Stone Soup version 0.28-a0-612-gcfc00ec14d (webtiles) character file.

Game seed: 13002903719034624144

5254 robertstho the Protected (level 10, -3/65 HPs)
             Began as a Gargoyle Fighter on Oct 5, 2021.
             Killed from afar by a manticore (12 damage)
             ... with a volley of spikes
             ... on level 7 of the Dungeon.
             The game lasted 00:13:01 (8150 turns).

robertstho the Protected (Gargoyle Fighter)         Turns: 8150, Time: 00:13:01

Health: -3/65      AC: 21    Str: 23    XL:     10   Next: 62%
Magic:  10/10      EV:  9    Int:  9    God:
Gold:   304        SH:  0    Dex:  9    Spells: 9/9 levels left

rFire   . . .      SeeInvis .   u - +4 dire flail (vorpal)
rCold   . . .      Faith    .   (shield currently unavailable)
rNeg    + + .      Spirit   .   w - +0 chain mail
rPois   ∞          Reflect  .   (no helmet)
rElec   +          Harm     .   (no cloak)
rCorr   .          Rampage  .   (no gloves)
Will    .....                   e - +1 pair of boots
Stlth   ..........              (no amulet)
HPRegen 0.20/turn               f - ring of positive energy
MPRegen 0.12/turn               (no ring)

@: spiked, hasted, very quick
A: sickness immunity, AC +7, negative energy resistance 1, electricity
resistance, torment resistance 1, petrification resistance
a: no special abilities


You were on level 7 of the Dungeon.
You visited 1 branch of the dungeon, and saw 7 of its levels.
You also visited: Ossuary.

You collected 304 gold pieces.

Inventory:

Hand Weapons
 a - a +1 flail
 u - a +4 vorpal dire flail (weapon)
 v - a +3 flail
Armour
 c - a +0 buckler
 e - a +1 pair of boots (worn)
 w - a +0 chain mail (worn)
 x - +0 acid dragon scales
Jewellery
 f - a ring of positive energy (left hand)
 s - a ring of protection from fire
Wands
 d - a wand of polymorph (4)
Scrolls
 q - a scroll of teleportation
 r - a scroll of fog
 t - 2 scrolls of enchant armour
 y - a scroll of brand weapon
Potions
 g - a potion of ambrosia
 i - a potion of haste
 j - a potion of resistance
 k - 2 potions of curing
 l - a potion of magic
 n - a potion of lignification
 o - 2 potions of flight
 p - a potion of brilliance {unknown}


   Skills:
 * Level 8.7 Fighting
 + Level 9.5 Maces & Flails
 * Level 10.1 Armour
 + Level 2.6 Dodging
 + Level 4.7 Shields
 + Level 0.3 Evocations


You had 9 spell levels left.
You didn't know any spells.
Your spell library contained the following spells:

 Spells                   Type           Power      Damage    Failure   Level
 Foxfire                  Conj/Fire      0%         2x1d4     92%         1
 Conjure Flame            Conj/Fire      0%         6-21      100%        3
 Inner Flame              Hex/Fire       0%         N/A       100%        3
 Ozocubu's Armour         Ice            0%         N/A       100%        3
 Flame Wave               Conj/Fire      0%         3d3       100%        4
 Metabolic Englaciation   Hex/Ice        0%         N/A       100%        5
 Simulacrum               Ice/Necr       0%         N/A       100%        6


Dungeon Overview and Level Annotations

Branches:
Dungeon (7/15)            Ossuary (visited)
 Temple: D:4-7

Altars:
Gozag
Okawaru
Ru
Sif Muna
Trog
Xom
Zin

Shops:
D:6 [   D:7 *


Innate Abilities, Weirdness & Mutations

You are immune to sickness and miasma.
Your stone body is resilient. (AC +7)
You are immune to poison.
You resist negative energy. (rN+)
You are resistant to electric shocks. (rElec)
You are resistant to unholy torment.
You are immune to petrification.


Message History

The deep elf pyromancer is almost dead.
The now-empty wand crumbles to dust.
You feel better.
The iguana hisses angrily.
You puncture the deep elf pyromancer!
You kill the deep elf pyromancer!
Your Armour skill increases to level 10!
The centaur skeleton hits you but does no damage.
The centaur skeleton kicks you but does no damage.
You impale the centaur skeleton!!
The centaur skeleton is severely damaged.
The centaur skeleton barely misses you. The centaur skeleton kicks you.
You bludgeon the centaur skeleton!!
You destroy the centaur skeleton!
You closely miss the iguana. The iguana barely misses you.
You closely miss the iguana. You hit the iguana.
The iguana is moderately wounded.
The iguana closely misses you.
You hit the iguana.
The iguana is severely wounded.
The manticore flicks its tail.
The volley of spikes hits you.
The barbed spikes become lodged in your body.
You closely miss the iguana.
The iguana is severely wounded.
The iguana bites you but does no damage.
You hit the iguana.
You kill the iguana!
The manticore flicks its tail.
The volley of spikes hits you but does no damage.
The barbs in your skin will harm you if you move.
Continue?
The barbed spikes dig painfully into your body as you move.
* * * LOW HITPOINT WARNING * * *
The barbed spikes dig painfully into your body as you move.
* * * LOW HITPOINT WARNING * * *
The manticore flicks its tail.
The volley of spikes hits you!
The barbed spikes become lodged in your body.
You die...

.#
......#...._......# #
.......#...........#
...#...#...........#
...#(...#.).$.......#
#...........#
#...........#
#...........#
§..#......†....#
.........@..#.####
....####H###.#....#
.... #.#.#....#.# .##
#.#.###.##.##
#.#.........#
#.###.#.#####
#.###.### #.....#
#######


You could see a manticore.

Vanquished Creatures
  2 two-headed ogres (D:7)
  A deep elf pyromancer (D:7)
  Joseph (D:7)
  A kobold demonologist (D:7)
  Grinder (D:3)
  A wraith (D:7)
  A yak (D:7)
  A steam dragon (D:6)
  Menkaure (D:6)
  Edmund (D:6)
  An acid dragon (D:7)
  An ice beast (D:6)
  4 black bears
  An ogre (D:4)
  2 centaurs
  A phantom (D:4)
  3 scorpions
  A wyvern skeleton (D:5)
  5 water moccasin zombies
  5 wights (D:6)
  2 bullfrog zombies
  A centaur skeleton (D:7)
  2 hounds
  An orc priest (D:6)
  A jelly (D:6)
  2 iguanas
  A bullfrog skeleton (D:5)
  4 orc wizards
  2 hound skeletons
  3 mummies
  2 howler monkey skeletons
  3 gnolls
  7 adders
  A shadow imp (D:7)
  A white imp (D:7)
  An ufetubus (D:5)
  2 adder zombies (Ossuary)
  An adder skeleton (D:4)
  2 worms (D:3)
  3 dart slugs
  5 orcs (D:5)
  8 ball pythons
  5 endoplasms
  3 giant cockroaches
  3 gnoll zombies (Ossuary)
  3 goblins
  8 hobgoblins
  7 jackals
  9 kobolds
  5 quokkas
  6 bats
  3 frilled lizards
  A goblin zombie (D:5)
  7 hobgoblin zombies
  4 kobold zombies (Ossuary)
  5 orc zombies (Ossuary)
  5 rats
164 creatures vanquished.

Notes
Turn   | Place    | Note
-------+----------+-------------------------------------------
     0 | D:1      | robertstho the Gargoyle Fighter began the quest for the
                  | Orb.
     0 | D:1      | Reached XP level 1. HP: 14/14 MP: 1/1
   312 | D:1      | Reached XP level 2. HP: 18/19 MP: 2/2
   994 | D:2      | Found a faded altar of an unknown god.
  1272 | D:3      | Reached XP level 3. HP: 15/24 MP: 3/3
  1441 | D:3      | Reached skill level 4 in Armour
  1654 | D:3      | Reached XP level 4. HP: 18/29 MP: 4/4
  2074 | D:3      | Noticed Grinder
  2080 | D:3      | Paralysed by Grinder for 7 turns
  2090 | D:3      | Paralysed by Grinder for 2 turns
  2098 | D:3      | Killed Grinder
  2099 | D:3      | Reached skill level 5 in Armour
  2099 | D:3      | Reached XP level 5. HP: 23/34 MP: 5/5
  2099 | D:3      | Reached XP level 6. HP: 26/39 MP: 6/6
  2231 | D:3      | You fall into a shaft and drop 3 floors!
  2246 | D:5      | Entered Level 5 of the Dungeon
  2260 | D:5      | Reached skill level 1 in Dodging
  2294 | D:5      | Found a sand-covered staircase.
  2307 | D:5      | Reached XP level 7. HP: 32/44 MP: 7/7
  2309 | Ossuary  | Entered an ossuary
  2537 | Ossuary  | Reached skill level 5 in Fighting
  2548 | Ossuary  | Reached skill level 5 in Maces & Flails
  2813 | D:5      | Reached skill level 6 in Armour
  2866 | D:5      | Reached XP level 8. HP: 49/50 MP: 8/8
  3887 | D:4      | Found a shimmering blue altar of Sif Muna.
  3970 | D:4      | Found an iron altar of Okawaru.
  3978 | D:4      | Found an opulent altar of Gozag.
  3980 | D:4      | Found a glowing silver altar of Zin.
  5797 | D:4      | Found a sacrificial altar of Ru.
  5797 | D:4      | Found a shimmering altar of Xom.
  5928 | D:6      | Noticed Edmund
  6147 | D:6      | Killed Edmund
  6148 | D:6      | Reached skill level 7 in Armour
  6297 | D:6      | Reached XP level 9. HP: 56/56 MP: 9/9
  6911 | D:6      | Found Kecsop's Armour Boutique.
  7017 | D:6      | Noticed Menkaure
  7021 | D:6      | Killed Menkaure
  7022 | D:6      | Reached skill level 8 in Armour
  7669 | D:7      | Noticed a kobold demonologist
  7669 | D:7      | Noticed a two-headed ogre
  7669 | D:7      | Noticed a manticore
  7669 | D:7      | Noticed a gargoyle
  7669 | D:7      | Noticed a deep elf pyromancer
  7669 | D:7      | Noticed a two-headed ogre
  7670 | D:7      | Found Naraclo's Needful Niceties.
  7828 | D:7      | Killed a two-headed ogre
  7829 | D:7      | Reached skill level 9 in Armour
  7829 | D:7      | Reached XP level 10. HP: 58/63 MP: 10/10
  7844 | D:7      | Noticed Joseph
  7857 | D:7      | Killed Joseph
  8001 | D:7      | Killed a kobold demonologist
  8021 | D:7      | Killed a two-headed ogre
  8033 | D:7      | Found a bloodstained altar of Trog.
  8096 | D:7      | Noticed an eight-headed hydra
  8106 | D:7      | Identified the ring "Qono" {Wiz rPois Str+2 Int+3 Dex-5}
  8106 | D:7      | HP: 3/65 [eight-headed hydra (1)]
  8113 | D:7      | Killed a deep elf pyromancer
  8114 | D:7      | Reached skill level 10 in Armour
  8150 | D:7      | Killed from afar by a manticore

Illustrated notes

Levels and vault maps discovered:
D:1:      dpeg_arrival_brainrot, layout_basic, minmay_unequal
D:2:      layout_basic, hellmonk_ecumenical_altar_heavens_door
D:3:      layout_loops_cross, grunt_decor_junction, kennysheep_generic_room_10,
          uniq_grinder
D:4:      layout_loops_ring, nicolae_overflow_hidden_temple, led_sif_book,
          kennysheep_cross_room, corexii_item_surrounded_by_moat, minivault_25
D:5:      layout_rooms, nicolae_ossuary_entry_giza,
          corexii_item_surrounded_by_moat, lemuel_another_geyser
D:6:      layout_loops_corners, serial_shops, shop, minmay_misc_feat_room,
          uniq_menkaure, uniq_edmund
D:7:      minmay_the_grid_octo_2x2 [minmay_the_grid_octo_thin_diamonds,
          minmay_the_grid_octo_teeth, minmay_the_grid_octo_concentric,
          minmay_the_grid_octo_prize_square_snowflake], layout_basic,
          overflow_temple_1_default, minmay_temple_entry_purple_smoke,
          grunt_ministairs_6, dk_noncrumbling_2, nicolae_alphabet_shops,
          uniq_joseph

Skill      XL: |  1  2  3  4  5  6  7  8  9 10 |
---------------+-------------------------------+-----
Armour         | 4 5 6 7 9 10 | 10.1
Fighting       | 4 5 6 7 8 |  8.7
Maces & Flails | 4 5 7 8 9 |  9.5
Dodging        | 1 2 |  2.6
Shields        | 4 |  4.7
Evocations     | |  0.3

Action                   |  1- 3 |  4- 6 |  7- 9 | 10-12 || total
-------------------------+-------+-------+-------+-------++-------
Melee: Flail             |   110 |    81 |   371 |       ||   562
       Dire flail        |       |       |    76 |    38 ||   114
Evoke: Wand              |       |       |     1 |     6 ||     7
  Use: Scroll            |       |     6 |    11 |     3 ||    20
       Potion            |       |     1 |     4 |     7 ||    12
Armor: Scale mail        |    80 |    48 |   209 |       ||   337
       Skin              |       |       |    50 |       ||    50
       Chain mail        |       |       |    44 |    53 ||    97
Dodge: Dodged            |    70 |    44 |   220 |    27 ||   361
Block: Buckler           |    20 |    14 |    83 |       ||   117

Table legend: (Time is in decaauts)
 A = Elapsed time spent in this place.
 B = Non-inter-level travel time spent in this place.
 C = Inter-level travel time spent in this place.
 D = Time resting spent in this place.
 E = Time spent auto-exploring this place.
 F = Levels seen in this place.
 G = Mean time per level.
                   A        B        C        D        E       F      G
               +--------+--------+--------+--------+--------+-----+--------+
         Total |   8222 |   7851 |    371 |   1122 |   5027 |   8 | 1027.8 |
       Dungeon |   7734 |   7363 |    371 |   1122 |   4679 |   7 | 1104.9 |
       Ossuary |    488 |    488 |      0 |      0 |    348 |   1 |  488.0 |
               +--------+--------+--------+--------+--------+-----+--------+

Top non-repeatable levels by time:
     D:6: 1849 daAuts
     D:3: 1496 daAuts
     D:4: 1237 daAuts
     D:1: 998 daAuts
     D:2: 871 daAuts
     D:5: 823 daAuts
 Ossuary: 488 daAuts
     D:7: 458 daAuts
